Map: Port Aleksander LE

Players

Guru

  • Race: Zerg Zerg
  • League: Master
  • Spawn Location: 11:00

Lambo - Winner!

  • Race: Zerg Zerg
  • League: Grandmaster
  • Spawn Location: 5:00

VOD

Have the link to the VOD?

Description

Time

  • Played on: Dec. 28, 2018, 12:35 p.m.
  • Length: 16:43
Show
View Real Time Build Order
Export as new Build Order

Guru Zerg 

Build Orders: Hatch First, Roach Hydra 

Get SALT Encoding   

  12  0:00  Drone  
  13  0:12  Overlord  
  13  0:18  Drone  
  14  0:31  Drone  
  14  0:32  Drone  
  14  0:35  Drone  
  17  0:52  Hatchery  
  17  0:56  Drone  
  17  1:10  Spawning Pool  
  16  1:12  Extractor  
  16  1:14  Drone  
  16  1:19  Drone  
  16  1:21  Drone  
  18  1:29  Drone  
  19  1:40  Drone  
  20  1:58  Queen  
  22  2:03  Queen  
  22  2:05  Drone x3  
  27  2:11  Metabolic Boost  
  27  2:13  Overlord  
  27  2:18  Drone  
  28  2:35  Hatchery, Drone  
  28  2:39  Baneling Nest  
  28  2:42  Drone  
  28  2:45  Drone  
  28  2:47  Drone  
  30  2:52  Overlord  
  30  2:57  Zergling x4  
  32  3:04  Queen  
  34  3:11  Drone x3  
  37  3:15  Drone  
  37  3:17  Drone x2  
  40  3:22  Baneling x2  
  40  3:24  Overlord  
  40  3:26  Drone  
  41  3:28  Drone  
  41  3:30  Drone  
  41  3:33  Drone  
  44  3:39  Evolution Chamber  
  43  3:42  Overlord  
  43  3:47  Drone x3  
  46  3:48  Drone x2  
  46  3:55  Roach Warren  
  46  3:57  Drone x2  
  46  3:58  Drone  
  46  4:00  Drone  
  46  4:02  Drone  
  51  4:08  Overlord  
  51  4:11  Zerg Missile Weapons Level 1  
  51  4:13  Drone x2  
  53  4:19  Zergling x2  
  53  4:20  Zergling x8  
  57  4:25  Drone x3  
  57  4:28  Extractor  
  57  4:29  Extractor  
  57  4:31  Lair  
  58  4:34  Extractor  
  58  4:36  Overlord  
  57  4:38  Baneling  
  57  4:40  Drone x2  
  57  4:45  Drone x3  
  61  4:46  Drone x2  
  61  4:48  Drone  
  65  4:53  Drone  
  65  4:54  Drone x2  
  65  4:55  Drone  
  65  4:56  Drone x2  
  65  4:57  Drone  
  65  4:58  Drone  
  73  5:04  Overlord  
  73  5:07  Extractor  
  73  5:08  Extractor, Pneumatized Carapace  
  73  5:11  Drone x2  
  73  5:14  Overlord  
  73  5:16  Drone x2  
  75  5:22  Drone x2  
  75  5:23  Drone  
  75  5:24  Drone x3  
  81  5:29  Overlord  
  81  5:36  Hatchery  
  81  5:37  Glial Reconstitution  
  81  5:40  Evolution Chamber  
  81  5:41  Roach x4  
  81  5:42  Roach  
  89  5:44  Overseer  
  89  5:46  Roach x2  
  89  5:49  Roach x2  
  97  5:54  Roach x3  
  103  6:00  Roach  
  103  6:02  Overlord x2  
  105  6:05  Zerg Missile Weapons Level 2  
  105  6:08  Zerg Ground Armor Level 1  
  105  6:09  Overlord  
  105  6:19  Overlord  
  105  6:21  Roach x2  
  105  6:24  Roach x3  
  115  6:26  Overlord  
  115  6:31  Overlord  
  115  6:33  Roach x4  
  115  6:34  Roach  
  115  6:37  Roach x2  
  115  6:38  Roach  
  130  6:45  Hydralisk Den  
  130  6:46  Overlord  
  129  6:47  Drone  
  129  6:48  Drone  
  129  6:51  Roach  
  133  6:58  Ravager x3  
  133  6:59  Ravager x2  
  133  7:00  Drone x2  
  142  7:01  Roach x2  
  142  7:02  Roach x5  
  142  7:04  Roach  
  142  7:05  Roach  
  142  7:08  Roach x2  
  162  7:17  Roach x2  
  162  7:19  Overlord  
  162  7:22  Overlord  
  166  7:29  Overlord  
  166  7:37  Muscular Augments  
  166  7:45  Overlord  
  166  7:48  Hydralisk  
  166  7:49  Hydralisk x8  
  174  7:55  Spore Crawler  
  174  7:58  Spore Crawler, Drone  
  164  8:01  Hydralisk x4  
  172  8:08  Hydralisk x2  
  172  8:10  Roach  
  172  8:12  Roach  
  178  8:13  Roach, Extractor  
  178  8:19  Roach x2  
  183  8:22  Roach  
  185  8:30  Overlord  
  185  8:31  Roach x3  
  191  8:34  Roach  
  195  8:41  Roach x2  
  195  8:48  Grooved Spines  
  191  8:53  Roach  
  191  8:54  Roach x4  
  183  8:56  Hydralisk  
  183  8:58  Hydralisk  
  187  9:03  Zerg Ground Armor Level 2, Hydralisk  
  187  9:04  Hydralisk x3  
  187  9:05  Overlord  
  187  9:09  Hydralisk x2  
  197  9:11  Drone  
  200  9:23  Roach x2  
  170  9:36  Hydralisk x8  
  170  9:37  Hydralisk  
  168  9:41  Hydralisk x2  
  172  9:46  Hydralisk x2  
  172  9:49  Hydralisk  
  178  9:55  Hydralisk x2  
  178  9:59  Hydralisk x2  
  182  10:03  Hydralisk  
  182  10:05  Hydralisk  
  190  10:10  Roach x4  
  189  10:18  Roach x5  
  183  10:21  Roach x2  
  183  10:22  Roach  
  183  10:25  Roach x2  
  183  10:28  Roach  
  188  10:32  Overlord  
  184  10:38  Overlord  
  184  10:48  Hydralisk  
  184  10:49  Hydralisk x4  
  176  10:51  Drone x3  
  176  10:52  Drone x2  
  176  10:53  Drone x2  
  185  10:57  Overlord  
  185  11:00  Hydralisk  
  185  11:01  Hydralisk  
  187  11:08  Hydralisk x2  
  189  11:11  Hydralisk  
  189  11:13  Hydralisk  
  189  11:16  Hydralisk  
  195  11:25  Hydralisk x3  
  197  11:46  Hydralisk x2  
  189  11:48  Hydralisk x5  
  189  11:51  Drone  
  200  11:55  Hydralisk  
  200  12:06  Drone x2  
  198  12:15  Roach x5  
  200  12:19  Roach x4  
  180  12:23  Roach x2  
  166  12:31  Roach x2  
  166  12:33  Roach x2  
  124  12:41  Roach x2  
  132  12:44  Roach x2  
  130  12:52  Roach x2  
  130  12:54  Roach x2  
  138  13:06  Hydralisk x4  
  138  13:11  Hydralisk x3  
  152  13:13  Hydralisk x2  
  152  13:15  Hydralisk, Infestation Pit  
  152  13:19  Hydralisk  
  159  13:22  Hydralisk  
  159  13:25  Hydralisk x2  
  165  13:31  Hydralisk  
  165  13:32  Hydralisk x2  
  165  13:33  Hydralisk x2  
  175  13:38  Hydralisk x3  
  175  13:40  Hydralisk  
  183  13:44  Overlord x2  
  183  13:52  Overlord x2  
  181  14:04  Hydralisk  
  181  14:05  Hydralisk  
  181  14:07  Hydralisk x5  
  181  14:09  Hydralisk x2  
  169  14:11  Hydralisk x3  
  169  14:14  Infestor x2  
  179  14:17  Roach  
  179  14:20  Roach  
  179  14:21  Roach x2  
  187  14:30  Infestor  
  189  14:32  Roach x3  
  195  14:41  Overlord  
  195  14:47  Hive  
  195  14:48  Roach x2  
  175  15:07  Roach x4  
  175  15:08  Roach x2  
  175  15:09  Roach  
  175  15:10  Roach x3  
  175  15:11  Roach x2  
  181  15:18  Roach x2  
  181  15:20  Roach  
  177  15:21  Roach  
  148  15:34  Roach x3  
  125  15:40  Ravager  
  125  15:41  Ravager x6  
  131  15:45  Roach x3  
  131  15:47  Hatchery  
  134  15:51  Roach x2  
  134  15:53  Roach  
  140  16:02  Roach x2  
  146  16:04  Roach  
  146  16:16  Roach x3  
Show
View Real Time Build Order
Export as new Build Order

Lambo Zerg - Winner!

Build Orders: Hatch First 

Get SALT Encoding   

  12  0:01  Drone  
  13  0:12  Overlord  
  13  0:18  Drone  
  14  0:31  Drone x2  
  16  0:49  Hatchery  
  15  0:53  Drone  
  15  0:56  Drone  
  17  1:00  Drone  
  18  1:10  Extractor  
  17  1:15  Spawning Pool  
  17  1:18  Drone  
  17  1:21  Drone  
  18  1:29  Drone  
  19  1:40  Drone  
  20  1:53  Overlord  
  20  2:01  Queen  
  20  2:02  Queen, Drone  
  20  2:04  Drone  
  26  2:11  Metabolic Boost  
  26  2:13  Drone  
  26  2:14  Drone  
  28  2:24  Drone  
  28  2:25  Drone  
  30  2:37  Hatchery  
  30  2:40  Drone  
  30  2:42  Drone  
  31  2:50  Baneling Nest  
  31  2:51  Drone  
  31  2:56  Baneling Nest, Zergling x2  
  31  2:57  Overlord  
  32  3:00  Drone  
  33  3:11  Drone x3  
  36  3:15  Drone  
  36  3:16  Drone  
  36  3:17  Overlord, Drone  
  39  3:20  Zergling x2  
  39  3:21  Zergling x2  
  39  3:25  Zergling x2  
  42  3:29  Queen  
  44  3:35  Evolution Chamber, Drone  
  44  3:37  Drone  
  45  3:43  Baneling x2, Drone x2  
  45  3:44  Drone  
  47  3:48  Drone  
  47  3:52  Extractor, Drone  
  47  3:53  Drone x2  
  47  3:54  Extractor, Drone  
  50  4:01  Overlord, Zerg Missile Weapons Level 1  
  50  4:06  Drone  
  50  4:08  Zergling x2  
  51  4:10  Drone x3  
  51  4:13  Drone x2  
  56  4:18  Drone x2  
  58  4:24  Drone x2  
  58  4:25  Roach Warren  
  58  4:30  Drone x2  
  61  4:35  Lair  
  61  4:36  Drone x2  
  61  4:37  Drone  
  64  4:40  Overlord  
  64  4:43  Drone  
  65  4:47  Baneling x2  
  65  4:53  Zergling x2  
  65  4:54  Overlord  
  65  4:57  Overlord  
  65  4:59  Overlord  
  66  5:00  Drone x6  
  66  5:03  Extractor  
  66  5:05  Roach, Extractor  
  66  5:06  Extractor  
  70  5:14  Drone x5  
  70  5:17  Drone  
  70  5:21  Pneumatized Carapace  
  76  5:25  Drone  
  76  5:26  Drone  
  78  5:34  Spire, Glial Reconstitution  
  78  5:35  Overseer  
  77  5:36  Roach x4  
  85  5:47  Drone  
  85  5:48  Hatchery  
  85  5:50  Drone  
  85  5:52  Evolution Chamber  
  85  5:54  Roach x4  
  93  6:00  Overlord, Drone  
  93  6:03  Overlord  
  93  6:04  Overlord  
  94  6:08  Roach x2, Overlord  
  98  6:14  Overlord  
  98  6:16  Overlord  
  98  6:20  Overlord  
  98  6:22  Zerg Missile Weapons Level 2  
  98  6:23  Overlord  
  98  6:24  Roach x2  
  98  6:25  Roach x2  
  106  6:30  Roach x3  
  106  6:32  Overlord  
  112  6:33  Overlord  
  112  6:36  Roach  
  114  6:40  Zerg Ground Armor Level 1  
  114  6:50  Mutalisk  
  114  6:51  Mutalisk x4  
  124  6:57  Mutalisk  
  133  7:01  Drone x7  
  133  7:03  Queen  
  133  7:07  Roach x2  
  139  7:13  Extractor  
  136  7:16  Roach x5  
  136  7:20  Roach x2  
  136  7:21  Roach, Ravager x2  
  154  7:28  Roach x3  
  160  7:30  Roach x2  
  160  7:33  Overlord  
  160  7:35  Ravager  
  165  7:37  Spine Crawler  
  165  7:39  Roach x2  
  168  7:52  Overlord  
  168  7:55  Overlord  
  168  8:00  Overlord  
  176  8:05  Roach x4  
  176  8:06  Overlord x3  
  176  8:16  Ravager x3  
  176  8:17  Roach, Ravager  
  176  8:18  Roach x5  
  192  8:23  Roach x3  
  192  8:24  Roach  
  192  8:25  Infestation Pit  
  199  8:30  Roach  
  199  8:40  Overlord  
  198  8:42  Overlord  
  190  8:49  Roach x5  
  190  8:53  Roach x6  
  200  8:59  Zerg Ground Armor Level 2  
  200  9:05  Hive  
  200  9:15  Hatchery  
  199  9:31  Roach x10  
  199  9:35  Roach x7  
  183  9:39  Roach x8  
  199  9:58  Overlord  
  199  10:00  Overlord  
  199  10:06  Overlord  
  190  10:20  Roach  
  190  10:21  Roach x6  
  200  10:27  Roach x5  
  198  10:30  Zerg Missile Weapons Level 3  
  192  10:36  Greater Spire  
  192  10:38  Roach x7  
  198  10:48  Roach x10  
  188  10:54  Ravager x3  
  188  10:55  Ravager x5  
  200  10:57  Roach x2  
  200  11:01  Overlord  
  196  11:05  Overlord  
  196  11:07  Overlord  
  196  11:08  Overlord  
  194  11:12  Overlord  
  194  11:15  Extractor  
  193  11:19  Roach x3  
  193  11:21  Roach x5  
  193  11:24  Roach  
  194  11:41  Roach x4  
  194  11:45  Overlord  
  192  11:47  Roach x4  
  192  11:48  Roach  
  192  11:52  Ravager x5  
  198  11:55  Roach  
  196  12:01  Roach x3  
  196  12:06  Overlord  
  200  12:11  Hatchery  
  200  12:13  Roach x5  
  185  12:19  Roach x4  
  175  12:26  Roach x6  
  161  12:30  Roach  
  161  12:32  Roach  
  161  12:34  Roach  
  151  12:40  Roach x2  
  155  12:44  Roach x2  
  155  12:48  Ravager x4  
  163  12:51  Roach  
  163  12:52  Roach  
  163  12:54  Overseer  
  163  12:57  Ravager  
  163  12:58  Roach, Ravager  
  169  13:03  Roach  
  169  13:04  Roach  
  175  13:06  Roach x2  
  175  13:10  Roach  
  181  13:15  Roach x2  
  181  13:19  Ravager  
  187  13:20  Roach x2, Ravager  
  187  13:23  Roach  
  193  13:28  Roach x2  
  193  13:32  Roach  
  192  14:05  Roach x13  
  192  14:07  Roach x4  
  192  14:09  Roach  
  192  14:10  Roach  
  192  14:15  Roach x2  
  197  14:24  Ravager  
  197  14:25  Ravager  
  197  14:26  Ravager  
  197  14:27  Ravager  
  192  15:06  Roach x12  
  199  15:11  Roach  
  197  15:15  Roach x3  
  197  15:24  Roach x8  
  185  15:31  Roach x9  
  185  15:32  Roach x2  
  181  15:41  Ravager  
  181  15:42  Ravager  
  183  15:43  Ravager x3  
  183  15:44  Ravager  
  183  15:45  Roach x4  
  183  15:46  Ravager  
  196  15:51  Roach x2  
  198  16:15  Roach x2  
  200  16:18  Hatchery  
Tags
 
Add a new tag
Caveats
  • Supply blocks, unpowered buildings, or Contaminate may cause inaccurate times.
  • Supply counts are checked every 10 seconds.